 Dungeon Crawl Stone Soup version 0.23.2-33-g5129a83184 (webtiles) character file.

Game seed: 379384734773300352

123 Folque the Charmwright (level 4, -1/36 HPs)
             Began as a Centaur Skald on July 8, 2019.
             Killed from afar by an orc wizard (9 damage)
             ... with a magic dart
             ... on level 3 of the Dungeon.
             The game lasted 00:04:45 (1897 turns).

Folque the Charmwright (Centaur Skald)              Turns: 1897, Time: 00:04:45

Health: -1/36      AC:  4    Str: 13    XL:     4   Next: 79%
Magic:  1/7        EV:  9    Int: 13    God:
Gold:   95         SH:  0    Dex:  9    Spells: 1/7 levels left

rFire    . . .     SeeInvis .   a - +0 falchion
rCold    . . .     Gourm    .   (no shield)
rNeg     . . .     Faith    .   b - +0 leather armour
rPois    .         Spirit   .   (no helmet)
rElec    .         Reflect  .   (no cloak)
rCorr    .         Harm     .   (no gloves)
MR       .....                  (no barding)
Stlth    ..........             (no amulet)
HPRegen  0.12/turn              (no ring)
MPRegen  0.10/turn              (no ring)

@: very quick
A: large, hooves 3, deformed body, speed 2, tough skin 3
a: no special abilities


You were on level 3 of the Dungeon.
You were hungry.

You visited 1 branch of the dungeon, and saw 3 of its levels.

You collected 95 gold pieces.

Inventory:

Hand Weapons
 a - a +0 falchion (weapon)
Armour
 b - a +0 leather armour (worn)
 o - a +0 buckler
Jewellery
 g - an uncursed amulet of the acrobat {unknown}
 k - an uncursed ring of protection from magic {unknown}
Scrolls
 c - 2 scrolls of random uselessness {unknown}
 e - 6 scrolls of identify {unknown}
 i - a scroll of fog {unknown}
 j - a scroll of fear {unknown}
 p - a scroll of teleportation {unknown}
 q - a scroll of remove curse {unknown}
 r - a scroll of enchant weapon {unknown}
 s - a scroll of blinking {unknown}
Potions
 f - a potion of degeneration {unknown}
 h - a potion of berserk rage {unknown}
 l - a potion of magic {unknown}
 m - a potion of brilliance {unknown}
 t - a potion of might {unknown}
 u - a potion of ambrosia {unknown}
Comestibles
 d - 7 rations
 n - 8 chunks of flesh


   Skills:
 - Level 2.0 Fighting
 + Level 2.9 Long Blades
 - Level 0.6 Armour
 - Level 1.3 Dodging
 + Level 2.4 Spellcasting
 * Level 1.7 Hexes
 - Level 3.2 Charms


You had one spell level left.
You knew the following spells:

 Your Spells              Type           Power        Failure   Level  Hunger
a - Infusion              Chrm           ##..         9%          1    #......
b - Shroud of Golubria    Chrm/Tloc      #.........   24%         2    ###....
c - Spectral Weapon       Hex/Chrm       #.......     32%         3    ###....

Your spell library contained the following spells:

 Spells                   Type           Power        Failure   Level  Hunger
 Song of Slaying          Chrm           ##......     12%         2    ###....
 Regeneration             Chrm/Necr      #.........   43%         3    ###....


Dungeon Overview and Level Annotations

Branches:
Dungeon (3/15)

Altars:


Innate Abilities, Weirdness & Mutations

You have hooves in place of feet.
Armour fits poorly on your strangely shaped body.
You cover ground very quickly.
You have extremely tough skin. (AC +3)


Message History

You hit the orc wizard but do no damage.
The orc wizard is almost dead.
The goblin hits you but does no damage. The orc wizard casts a spell at you.
You resist with some effort.
A hobgoblin comes into view. It is wielding a +0 club.
The orc barely misses you.
An orc comes into view. It is wielding a +0 dagger.
The hobgoblin shouts!
You hit the orc.
You kill the orc!
Your spectral weapon fades away.
The goblin barely misses you.
You riposte.
Your leather armour prevents you from hitting the goblin.
The orc wizard points at you and mumbles some strange words.
The magic dart hits you!
* * * LOW HITPOINT WARNING * * *
A frilled lizard comes into view.
The orc wizard gestures at you while chanting.
The magic dart hits you!
You die...

#.# #)# #.#
##.## # ##...##
#.##.....###.
#............
#.#####.....####
#.bg@.##...##
l...#bo...)).##
# #o#####..# #.
#..# . #..# .#
#.## #. #.. #
..# ###


You could see an orc wizard, an orc, a goblin, 2 bats and a frilled lizard
(wandering).

Vanquished Creatures
  An orc wizard (D:3)
  2 adders (D:2)
  A worm (D:2)
  A dart slug (D:1)
  4 leopard geckos
  7 orcs
  7 bats
  2 giant cockroaches (D:2)
  4 goblins (D:1)
  9 hobgoblins
  A quokka (D:2)
  6 frilled lizards
  6 kobolds
  7 rats
58 creatures vanquished.

Notes
Turn   | Place    | Note
-------+----------+-------------------------------------------
     0 | D:1      | Folque the Centaur Skald began the quest for the Orb.
     0 | D:1      | Reached XP level 1. HP: 17/17 MP: 3/3
   155 | D:1      | Reached XP level 2. HP: 24/24 MP: 4/4
   192 | D:1      | Reached skill level 3 in Charms
   620 | D:1      | Reached XP level 3. HP: 26/29 MP: 5/5
  1076 | D:2      | Learned a level 2 spell: Shroud of Golubria
  1080 | D:2      | Learned a level 3 spell: Spectral Weapon
  1353 | D:2      | Reached XP level 4. HP: 29/36 MP: 0/7
  1698 | D:2      | Reached skill level 1 in Hexes
  1897 | D:3      | Killed from afar by an orc wizard

Skill      XL: |  1  2  3  4 |
---------------+-------------+-----
Long Blades    | 2 |  2.9
Charms         | 3 |  3.2
Spellcasting   | 2 |  2.4
Hexes          | 1 |  1.7
Fighting       | |  2.0
Armour         | |  0.6
Dodging        | |  1.3

Action                   |  1- 3 |  4- 6 || total
-------------------------+-------+-------++-------
Melee: Falchion          |   106 |    53 ||   159
       Kick              |    21 |     9 ||    30
 Cast: Shroud of Golubri |     3 |     1 ||     4
       Infusion          |     3 |     1 ||     4
       Spectral Weapon   |       |     1 ||     1
  Eat: Chunk             |     1 |     1 ||     2
Armor: Leather armour    |    39 |    29 ||    68
Dodge: Dodged            |    68 |    47 ||   115
       Rpst.: Falchion   |    17 |    16 ||    33
